[Event "Team 45 45 League T92"]
[Site "Internet Chess Club"]
[Date "2022.04.27"]
[Round "3"]
[White "PsyMar"]
[Black "tamky70"]
[Result "0-1"]
[WhiteElo "1254"]
[BlackElo "1265"]
[Opening "Polish (Sokolsky) opening"]
[ECO "A00"]
[Time "20:30:24"]
[PlyCount "82"]
[TimeControl "2700+45"]

1. b4 Nf6 2. Bb2 d6 3. c4 e6 4. Nc3 Be7 5. d4 d5 6. c5 Nc6 7. b5 Nb8 8. e3 O-O
9. Bd3 c6 10. a4 Bd7 11. Nf3 Be8 12. Ne5 Nbd7 13. bxc6 Nxe5 14. O-O Nxc6 15. e4
dxe4 16. Nxe4 Nb4 17. Nxf6+ Bxf6 18. Be4 Nd5 19. Qh5 g6 20. Qf3 Bc6 21. Bxd5
Bxd5 22. Qe3 Qa5 23. Bc3 Qc7 24. Rfb1 Rfb8 25. a5 Qe7 26. Bb4 Qc7 27. Qa3 Bc6
28. a6 Bxd4 29. axb7 Rxb7 30. Ba5 Qc8 31. Rxb7 Qxb7 32. Rd1 Bf6 33. Bb4 Rd8 34.
Rxd8+ Bxd8 35. Bc3 Be7 36. Qc1 Bxg2 37. Bd4 Bc6 38. h3 Qd7 39. Qf4 Qd5 40. Qb8+
Bf8 41. Qg3 Qh1# {White checkmated} 0-1

[Event "Team 45 45 League T92"]
[Site "Internet Chess Club"]
[Date "2022.05.02"]
[Round "3"]
[White "mongmong"]
[Black "jonesey"]
[Result "1/2-1/2"]
[WhiteElo "1554"]
[BlackElo "1856"]
[Opening "King's Indian: Andersson variation"]
[ECO "E92"]
[Time "20:09:24"]
[PlyCount "48"]
[TimeControl "2700+45"]

1. d4 d6 2. Nf3 Nf6 3. c4 g6 4. Nc3 Bg7 5. e4 O-O 6. Be2 e5 7. dxe5 dxe5 8. Qxd8
Rxd8 9. Bg5 Re8 10. Bxf6 Bxf6 11. O-O Nc6 12. Nd5 Bd8 13. Rfd1 Bg4 14. Nd4 Nxd4
15. Bxg4 c6 16. Nc3 Ba5 17. Ne2 Nxe2+ 18. Bxe2 Rad8 19. Rxd8 Rxd8 20. Rd1 Rxd1+
21. Bxd1 Kf8 22. Kf1 Ke7 23. Ke2 Kd6 24. Kd3 Be1 {Game drawn by mutual
agreement} 1/2-1/2

[Event "Team 45 45 League T92"]
[Site "Internet Chess Club"]
[Date "2022.05.02"]
[Round "3"]
[White "ghowell"]
[Black "julesraider"]
[Result "1-0"]
[WhiteElo "1553"]
[BlackElo "1599"]
[Opening "Caro-Kann: classical variation"]
[ECO "B18"]
[Time "12:00:12"]
[PlyCount "117"]
[TimeControl "2700+45"]

1. e4 c6 2. d4 d5 3. Nc3 dxe4 4. Nxe4 Bf5 5. Ng3 Bg6 6. Nf3 Nd7 7. Bc4 e6 8. O-O
Ngf6 9. Bf4 Be7 10. Qd2 O-O 11. Nh4 Ne4 12. Nxe4 Bxh4 13. Nd6 b5 14. Bd3 Bxd3
15. Qxd3 Be7 16. b3 Nf6 17. Ne4 Nxe4 18. Qxe4 Qd5 19. Qe3 Bf6 20. Rad1 a5 21.
Be5 Be7 22. Qg3 g6 23. h4 Qe4 24. h5 f6 25. Bd6 Bxd6 26. Qxd6 Qd5 27. Qxd5 cxd5
28. h6 Rac8 29. Rd2 Rc3 30. Re1 Kf7 31. Rde2 Rc6 32. g4 g5 33. Kg2 Re8 34. Kg3
Kg6 35. Rh1 Rec8 36. f3 b4 37. Rhh2 Kf7 38. Rhf2 Rc3 39. Rg2 R8c6 40. Rh2 Kg6
41. Re1 Kf7 42. Ree2 a4 43. bxa4 Ra6 44. Rh1 Rxa4 45. Rhe1 Ra6 46. Rb1 Rc4 47.
c3 bxc3 48. Rb7+ Kg6 49. Rg7+ Kxh6 50. Rg8 Rxa2 51. Rxa2 c2 52. Rb2 f5 53. gxf5
g4 54. fxg4 Rc6 55. f6 Rc7 56. Rxc2 Rxc2 57. f7 Rc3+ 58. Kh4 Rf3 59. g5# {Black
checkmated} 1-0

[Event "Team 45 45 League T92"]
[Site "Internet Chess Club"]
[Date "2022.05.02"]
[Round "3"]
[White "olivermx"]
[Black "natalieH"]
[Result "1-0"]
[WhiteElo "1296"]
[BlackElo "1106"]
[Opening "Ruy Lopez: closed, 8.c3"]
[ECO "C89"]
[Time "18:00:18"]
[PlyCount "67"]
[TimeControl "2700+45"]

1. e4 e5 2. Nf3 Nc6 3. Bb5 a6 4. Ba4 Nf6 5. O-O Be7 6. Re1 b5 7. Bb3 O-O 8. c3
Na5 9. Bc2 c6 10. Nxe5 Qc7 11. d4 c5 12. Nf3 c4 13. Nbd2 d5 14. e5 Nd7 15. Nf1
Bb7 16. Bf4 Qc6 17. Qd2 f6 18. exf6 Bxf6 19. Ne3 Rfe8 20. Ng4 Rad8 21. Nge5 Nxe5
22. Nxe5 Bxe5 23. Bxe5 Qd7 24. Qg5 Rf8 25. Rf1 Nc6 26. f4 h6 27. Qg6 Rf7 28.
Rae1 Re7 29. Qh7+ Kf8 30. Qh8+ Kf7 31. Qxg7+ Ke6 32. Qxh6+ Kf7 33. Bg6+ Kg8 34.
Qh8# {Black checkmated} 1-0

[Event "Team 45 45 League T92"]
[Site "Internet Chess Club"]
[Date "2022.05.02"]
[Round "3"]
[White "keithuws"]
[Black "Toalla"]
[Result "1-0"]
[WhiteElo "1221"]
[BlackElo "1102"]
[Opening "Sicilian: Kan, 5.Nc3"]
[ECO "B43"]
[Time "17:01:55"]
[PlyCount "41"]
[TimeControl "2700+45"]

1. e4 c5 2. Nf3 e6 3. d4 cxd4 4. Nxd4 a6 5. Nc3 b5 6. Bd3 Qb6 7. Nb3 Qc7 8. O-O
b4 9. Ne2 Bb7 10. c3 a5 11. Bf4 Bd6 12. Bxd6 Qxd6 13. cxb4 axb4 14. Ned4 Na6 15.
Nb5 Qb6 16. Qg4 g6 17. Qf4 Ke7 18. Rac1 Rc8 19. Rxc8 Bxc8 20. e5 h5 21. Nd6
{Black resigns} 1-0

[Event "Team 45 45 League T92"]
[Site "Internet Chess Club"]
[Date "2022.04.30"]
[Round "3"]
[White "Portola"]
[Black "manfredo"]
[Result "1-0"]
[WhiteElo "1674"]
[BlackElo "1551"]
[Opening "King's Indian: East Indian defense"]
[ECO "A48"]
[Time "16:00:50"]
[PlyCount "77"]
[TimeControl "2700+45"]

1. d4 Nf6 2. Nf3 g6 3. c3 Bg7 4. Bg5 O-O 5. Nbd2 d6 6. e3 c5 7. Bc4 Nc6 8. O-O
b6 9. Qe2 Bb7 10. Rfd1 Qc7 11. Rac1 h6 12. Bh4 e5 13. dxe5 Nxe5 14. Nxe5 dxe5
15. e4 a6 16. a4 Bc6 17. Ra1 b5 18. axb5 axb5 19. Bxb5 Bxb5 20. Qxb5 Rab8 21.
Qa4 Rxb2 22. Nc4 Re2 23. Bxf6 Bxf6 24. Ne3 Bg5 25. Nd5 Qc8 26. f3 Bh4 27. Qb5 c4
28. Ra4 Qb8 29. Rb4 Qa7+ 30. Nb6 Qa2 31. Qxe5 Rxg2+ 32. Kh1 Bg3 33. Qxg3 Rxg3
34. hxg3 Qe2 35. Rbb1 Qxf3+ 36. Kh2 Qxc3 37. Nd5 Qc2+ 38. Kh3 Qxe4 39. Nf6+
{Black resigns} 1-0

[Event "Team 45 45 League T92"]
[Site "Internet Chess Club"]
[Date "2022.04.29"]
[Round "3"]
[White "dalmata"]
[Black "rubo"]
[Result "1/2-1/2"]
[WhiteElo "1558"]
[BlackElo "1481"]
[Opening "Budapest defense declined"]
[ECO "A51"]
[Time "15:02:38"]
[PlyCount "54"]
[TimeControl "2700+45"]

1. d4 Nf6 2. c4 e5 3. Nf3 e4 4. Ng5 d5 5. cxd5 Qxd5 6. Nc3 Bb4 7. Qa4+ Nc6 8. a3
Bxc3+ 9. bxc3 Bd7 10. Qc2 O-O 11. Nh3 h6 12. Nf4 Qf5 13. e3 g5 14. Ne2 Ng4 15.
Ng3 Qg6 16. Nxe4 Bf5 17. Bd3 Bxe4 18. Bxe4 Qd6 19. g3 Nf6 20. Bg2 Rfe8 21. O-O
Rab8 22. c4 Ne7 23. Bd2 c6 24. Bb4 Qc7 25. Rfc1 Rbc8 26. Bc3 Qd6 27. Bb4 Qc7
{Game drawn by mutual agreement} 1/2-1/2

[Event "Team 45 45 League T92"]
[Site "Internet Chess Club"]
[Date "2022.04.29"]
[Round "3"]
[White "nosir"]
[Black "fvafier"]
[Result "1-0"]
[WhiteElo "1356"]
[BlackElo "1495"]
[Opening "Queen's bishop game"]
[ECO "D02"]
[Time "15:00:36"]
[PlyCount "61"]
[TimeControl "2700+45"]

1. d4 d5 2. Nf3 Nf6 3. Bf4 e6 4. Nbd2 c5 5. e3 Nc6 6. c3 Be7 7. Bd3 b6 8. Ne5
Nxe5 9. dxe5 Nd7 10. Nf3 f6 11. O-O fxe5 12. Bxe5 Nf6 13. Qa4+ Bd7 14. Bb5 Bxb5
15. Qxb5+ Qd7 16. Qe2 Bd6 17. Rad1 Qc7 18. Qb5+ Ke7 19. Bxf6+ gxf6 20. Rfe1 Qd7
21. Qe2 Qc6 22. Nd2 Rag8 23. f4 Kd7 24. Qf3 Kc7 25. e4 Re8 26. exd5 exd5 27. g3
c4 28. Qh5 Bc5+ 29. Kf1 Re6 30. Qf7+ Be7 31. Rxe6 {Black resigns} 1-0

[Event "Team 45 45 League T92"]
[Site "Internet Chess Club"]
[Date "2022.04.28"]
[Round "3"]
[White "Denis240964"]
[Black "g8wrb"]
[Result "1-0"]
[WhiteElo "1373"]
[BlackElo "1288"]
[Opening "Nimzo-Indian: 4.e3 e8g8, 5.Nf3, without ...d5"]
[ECO "E50"]
[Time "09:02:55"]
[PlyCount "53"]
[TimeControl "2700+45"]

1. d4 e6 2. c4 Bb4+ 3. Nc3 Nf6 4. e3 O-O 5. Nf3 b6 6. Bd3 Bb7 7. O-O d5 8. a3
Bd6 9. cxd5 exd5 10. Nb5 Be7 11. Bd2 c6 12. Nc3 Ba6 13. Bxa6 Nxa6 14. Qe2 Nc7
15. e4 dxe4 16. Nxe4 Re8 17. Rfe1 Nxe4 18. Qxe4 Nd5 19. Ne5 Qd6 20. Qf3 Bf6 21.
Nc4 Qc7 22. Be3 Re6 23. Rac1 Rd8 24. Nd2 Rde8 25. Qxd5 Rd6 26. Qf3 c5 27. Bf4
{Black resigns} 1-0

[Event "Team 45 45 League T92"]
[Site "Internet Chess Club"]
[Date "2022.04.30"]
[Round "3"]
[White "Kingofknights"]
[Black "marioseixas1992"]
[Result "0-1"]
[WhiteElo "1457"]
[BlackElo "1541"]
[Opening "King's Indian: Sämisch, 5...O-O"]
[ECO "E81"]
[Time "11:31:05"]
[PlyCount "112"]
[TimeControl "2700+45"]

1. d4 Nf6 2. c4 g6 3. f3 Bg7 4. e4 d6 5. Nc3 O-O 6. Bg5 Nbd7 7. Nh3 a6 8. a4 e5
9. d5 b6 10. Bd3 h6 11. Be3 Nh5 12. Bc2 Nf4 13. Nxf4 exf4 14. Bxf4 f5 15. Qd2 g5
16. Be3 Ne5 17. b3 Qf6 18. exf5 Nf7 19. Rd1 Qxc3 20. Qxc3 Bxc3+ 21. Kf2 h5 22.
g4 h4 23. Bd4 Bxd4+ 24. Rxd4 Ne5 25. h3 Bd7 26. Re1 Rad8 27. f4 gxf4 28. Rxf4
Kf7 29. g5 Rh8 30. Rg1 Rh5 31. f6 Rg8 32. g6+ Kf8 33. g7+ Kf7 34. Kg2 Rh6 35.
Rgf1 c5 36. dxc6 Bxc6+ 37. Kh2 Nf3+ 38. R1xf3 Bxf3 39. Rxf3 Rxf6 40. Rxf6+ Kxf6
41. Be4 Rxg7 42. b4 Ke5 43. Bd5 Kd4 44. a5 bxa5 45. bxa5 Kc5 46. Bb7 Kxc4 47.
Bxa6+ Kb4 48. Bc8 Kxa5 49. Bg4 d5 50. Kg2 d4 51. Kf2 d3 52. Be6 Kb4 53. Ke3 Kc3
54. Kf2 d2 55. Ke2 Rg2+ 56. Kd1 Rg1+ {White resigns} 0-1

[Event "Team 45 45 League T92"]
[Site "Internet Chess Club"]
[Date "2022.04.30"]
[Round "3"]
[White "sdcohle"]
[Black "julesraider"]
[Result "1/2-1/2"]
[WhiteElo "1351"]
[BlackElo "1619"]
[Opening "Caro-Kann: exchange variation"]
[ECO "B13"]
[Time "16:04:14"]
[PlyCount "96"]
[TimeControl "2700+45"]

1. e4 c6 2. d4 d5 3. exd5 cxd5 4. Bd3 Nc6 5. c3 Qc7 6. Nf3 Nf6 7. h3 g6 8. O-O
Bf5 9. Be3 Bxd3 10. Qxd3 Bg7 11. Nbd2 O-O 12. Nb3 b6 13. Rfe1 Rfe8 14. Re2 e6
15. Rae1 a5 16. a4 Ne4 17. Nbd2 f5 18. g3 Bf8 19. Bf4 Bd6 20. Bxd6 Qxd6 21. Kg2
Kg7 22. Qe3 h6 23. Nxe4 fxe4 24. Nd2 Ne7 25. c4 Nf5 26. Qc3 Rec8 27. b3 e3 28.
Nf1 exf2 29. Rxf2 Rc6 30. Qd3 dxc4 31. bxc4 Nxd4 32. Rf4 e5 33. Rfe4 Rc5 34. Ne3
Re8 35. Ng4 Qc6 36. Qe3 Nf5 37. Qc3 Rxc4 38. Qxc4 Qd6 39. Qe2 h5 40. Nxe5 Rd8
41. Qb2 Kf8 42. Nxg6+ Qxg6 43. Qh8+ Kf7 44. Re7+ Nxe7 45. Qxd8 Qc2+ 46. Kh1 Qc6+
47. Kg1 Qc5+ 48. Kh1 Qc6+ {Game drawn by mutual agreement} 1/2-1/2

[Event "Team 45 45 League T92"]
[Site "Internet Chess Club"]
[Date "2022.04.28"]
[Round "3"]
[White "Denis240964"]
[Black "mongmong"]
[Result "0-1"]
[WhiteElo "1364"]
[BlackElo "1555"]
[Opening "French: Tarrasch, open variation"]
[ECO "C07"]
[Time "17:33:51"]
[PlyCount "182"]
[TimeControl "2700+45"]

1. e4 e6 2. d4 d5 3. Nd2 c5 4. exd5 Qxd5 5. dxc5 Qxc5 6. Ngf3 Nf6 7. Nb3 Qc7 8.
Bb5+ Bd7 9. Bxd7+ Nbxd7 10. O-O Bd6 11. c3 O-O 12. Qd3 Rad8 13. Nbd4 a6 14. Bg5
Be7 15. Qe2 Nb6 16. Rfe1 Nfd5 17. Nxe6 fxe6 18. Qxe6+ Rf7 19. Ne5 Bxg5 20. Nxf7
Qxf7 21. Qe4 Rf8 22. f3 Be3+ 23. Rxe3 Nxe3 24. Qxe3 Nc4 25. Qf2 Nd6 26. b3 h6
27. Rd1 Rd8 28. Qb6 Qe7 29. c4 Nf7 30. Rf1 Qd7 31. Qe3 Qd4 32. Qxd4 Rxd4 33. Rf2
Kf8 34. Kf1 Nd6 35. Re2 Nf5 36. g3 Ne3+ 37. Kf2 Nf5 38. Re5 Ne7 39. Ke2 Rd7 40.
f4 Nc6 41. Rf5+ Rf7 42. Rd5 Nb4 43. Rd2 Ke8 44. a3 Nc6 45. b4 Rd7 46. Rb2 Nd4+
47. Ke3 b6 48. Ke4 Nc6 49. Rb3 Rd4+ 50. Kf5 Ne7+ 51. Ke5 Rxc4 52. Rd3 Rc6 53. f5
Rf6 54. g4 h5 55. h3 hxg4 56. hxg4 Rc6 57. g5 Nc8 58. Rh3 Ne7 59. g6 Rf6 60.
Rh8+ Kd7 61. Rh7 Rxf5+ 62. Ke4 Rg5 63. Rxg7 Rxg6 64. Rh7 b5 65. Rh3 Rg1 66. Rd3+
Kc7 67. Ke5 Re1+ 68. Kf6 Nc6 69. Rc3 Kb6 70. Kf5 Rb1 71. Ke6 Nxb4 72. axb4 Rxb4
73. Kd5 Rh4 74. Rc6+ Ka5 75. Rc2 Rh5+ 76. Kd4 b4 77. Kc4 Rb5 78. Ra2+ Kb6 79.
Ra4 a5 80. Kb3 Rh5 81. Ra1 Kb5 82. Rd1 a4+ 83. Ka2 Rh2+ 84. Kb1 a3 85. Rd3 Kc4
86. Rf3 Rd2 87. Kc1 Rd3 88. Rf4+ Kb3 89. Rf2 a2 90. Rb2+ Ka3 91. Kc2 Rc3+ {White
resigns} 0-1

[Event "Team 45 45 League T92"]
[Site "Internet Chess Club"]
[Date "2022.04.27"]
[Round "3"]
[White "seattleblues"]
[Black "Megasus"]
[Result "0-1"]
[WhiteElo "1242"]
[BlackElo "1533"]
[Opening "Queen's pawn game"]
[ECO "E10"]
[Time "22:03:47"]
[PlyCount "20"]
[TimeControl "2700+45"]

1. d4 Nf6 2. Nf3 e6 3. c4 c6 4. Nc3 Bb4 5. Bd2 Bxc3 6. Bxc3 Ne4 7. Bb4 Qb6 8.
Ba3 Na6 9. Qb3 Qa5+ 10. Kd1 Nxf2+ {White resigns} 0-1

[Event "Team 45 45 League T92"]
[Site "Internet Chess Club"]
[Date "2022.04.28"]
[Round "3"]
[White "gregorgg"]
[Black "kabubi"]
[Result "1-0"]
[WhiteElo "1375"]
[BlackElo "1167"]
[Opening "Scotch gambit: Dubois-Réti defense"]
[ECO "C55"]
[Time "15:33:38"]
[PlyCount "109"]
[TimeControl "2700+45"]

1. e4 e5 2. Nf3 Nc6 3. d4 exd4 4. Bc4 Nf6 5. e5 Qe7 6. O-O Nh5 7. Ng5 g6 8. Nxf7
Rg8 9. Nd6+ cxd6 10. Bxg8 Nxe5 11. Re1 Qh4 12. g3 Qf6 13. f4 Qg7 14. Bd5 Be7 15.
fxe5 dxe5 16. Qe2 d6 17. c3 Nf6 18. Bxb7 Bxb7 19. Qb5+ Nd7 20. Qxb7 Rb8 21. Qxa7
Bd8 22. Qa4 Bb6 23. Kg2 Qe7 24. Qc2 Qe6 25. Nd2 Qd5+ 26. Qe4 Qxe4+ 27. Nxe4 d5
28. Ng5 dxc3 29. bxc3 Ba5 30. Bd2 h6 31. Nf3 e4 32. Nd4 Rc8 33. Rac1 Ke7 34. Nb3
Bb6 35. Bxh6 Ne5 36. Red1 Nd3 37. Rc2 Nb4 38. Rcd2 Rxc3 39. Rc1 Nxa2 40. Rxc3
Nxc3 41. Rc2 d4 42. Bf4 Ke6 43. Nc1 Kd5 44. Na2 Nxa2 45. Rxa2 d3 46. Kf1 Kc4 47.
Ra4+ Kd5 48. Ke1 e3 49. Ra1 Bd4 50. Rd1 d2+ 51. Ke2 Kc4 52. Bxe3 Bxe3 53. Kxe3
Kc3 54. h4 Kc2 55. Rxd2+ {Black resigns} 1-0

[Event "Team 45 45 League T92"]
[Site "Internet Chess Club"]
[Date "2022.05.02"]
[Round "3"]
[White "WzeroMN"]
[Black "rhayder"]
[Result "1-0"]
[WhiteElo "1032"]
[BlackElo "960"]
[Opening "Caro-Kann: advance variation"]
[ECO "B12"]
[Time "15:15:33"]
[PlyCount "75"]
[TimeControl "2700+45"]

1. e4 c6 2. d4 d5 3. e5 e6 4. Nf3 c5 5. c3 Nc6 6. Bb5 a6 7. Bxc6+ bxc6 8. O-O
cxd4 9. cxd4 c5 10. Be3 Qb6 11. Qb3 Rb8 12. Qxb6 Rxb6 13. b3 Nh6 14. dxc5 Rc6
15. b4 Nf5 16. Re1 Nxe3 17. Rxe3 Be7 18. a3 f6 19. exf6 Bxf6 20. Ra2 O-O 21.
Nbd2 d4 22. Rd3 e5 23. Ne4 Bf5 24. Nxf6+ Rcxf6 25. Rdd2 Re8 26. Ra1 Be4 27. Ng5
Bd5 28. Re1 h6 29. Ne4 Bxe4 30. Rxe4 Rf4 31. Rxf4 exf4 32. Kf1 Rd8 33. c6 Rc8
34. Rxd4 Rxc6 35. Rxf4 a5 36. b5 Rb6 37. a4 Kh7 38. Rc4 {Black resigns} 1-0